 Dungeon Crawl Stone Soup version 0.27-a0-1217-g8a41f320e8 (webtiles) character file.

Game seed: 5143407831065427459

15176 Glokmah the Martial Artist (level 12, 0/114 HPs)
             Began as a Djinni Transmuter on June 6, 2021.
             Was an Initiate of Ru.
             Slain by a yak (5 damage)
             ... on level 2 of the Lair of Beasts.
             The game lasted 00:31:47 (19810 turns).

Glokmah the Martial Artist (Djinni Transmuter)     Turns: 19810, Time: 00:31:48

Health: 0/114      AC:  7    Str: 13    XL:     12   Next: 54%
Gold:   488        EV: 27    Int: 15    God:    Ru [......] SH:  0 Dex: 15

rFire    . . .     SeeInvis .     - Unarmed
rCold    . . .     Faith    .   (shield currently unavailable)
rNeg     . . .     Spirit   .   (armour currently unavailable)
rPois    ∞         Reflect  .   (helmet currently unavailable)
rElec    .         Harm     .   (cloak currently unavailable)
rCorr    .         Rampage  .   (gloves currently unavailable)
Will     ++...                  (boots unavailable)
Stlth    ..........             x - amulet of the acrobat
HPRegen  0.29/turn              r - ring of willpower
MPRegen  0.00/turn              z - +4 ring of evasion

@: hydra-form, wereblooded, acrobatic, flying
A: fast swimmer, devour, flying, boosted hp, sickness immunity, very large,
(fire resistance 2), (cold vulnerability 1), no stealth, float, innate caster,
hp casting, extra vitality 1
a: End Transformation, Renounce Religion


You were on level 2 of the Lair of Beasts.
You worshipped Ru.
Ru was noncommittal.
You were a three-headed hydra.
You visited 3 branches of the dungeon, and saw 12 of its levels.

You collected 488 gold pieces.

Inventory:

Hand Weapons
 w - the +4 war axe "Zuikeob" {elec, rF+ rN+ Str+3}
   (You took it off an orc on level 9 of the Dungeon)

   Occasionally, upon striking a foe, it can discharge electrical energy and
   cause terrible harm.
   It affects your strength (+3).
   It protects you from fire.
   It protects you from negative energy.
Missiles
 f - 71 poisoned darts
 y - 4 boomerangs of dispersal
Armour
 d - a +0 helmet (melded)
 g - a +0 leather armour of willpower (melded)
 h - a +2 animal skin
 o - a +1 robe of cold resistance
 p - a +0 pair of gloves (melded)
 u - a +2 cloak (melded)
Jewellery
 r - a ring of willpower (left foreclaw)
 x - an amulet of the acrobat (around neck)
 z - a +4 ring of evasion (right foreclaw)
 C - a ring of ice
Wands
 b - a wand of paralysis (15)
 k - a wand of digging (5)
 m - a wand of iceblast (4)
 q - a wand of polymorph (17)
 A - a wand of flame (15)
 B - a wand of acid (10)
Scrolls
 l - 3 scrolls of teleportation
 n - 7 scrolls of identify
Potions
 a - 2 potions of flight
 c - a potion of attraction
 e - 2 potions of mutation
 i - 2 potions of curing
 j - 2 potions of haste
 s - a potion of brilliance
 t - 2 potions of invisibility
 v - 2 potions of might


   Skills:
 + Level 8.9 Fighting
 - Level 2.1 Dodging
 * Level 12.5 Unarmed Combat
 * Level 9.8 Spellcasting


You had 2 spell levels left.
You knew the following spells:

 Your Spells              Type           Power      Damage    Failure   Level
a - Beastly Appendage     Tmut           72%        N/A       1%          1
b - Wereblood             Tmut           36%        N/A       1%          2
c - Spider Form           Tmut/Pois      18%        N/A       1%          3
d - Ice Form              Ice/Tmut       36%        N/A       1%          4
e - Hydra Form            Tmut           18%        N/A       4%          5
f - Magic Dart            Conj           100%       1d8       1%          1
g - Slow                  Hex            36%        N/A       1%          2
h - Frozen Ramparts       Ice            72%        1d9       1%          3
i - Ignite Poison         Fire/Tmut/Pois 36%        N/A       1%          3
j - Hailstorm             Conj/Ice       36%        3d9       1%          4
Your spell library was empty.

Dungeon Overview and Level Annotations

Branches:
Dungeon (9/15)             Temple (1/1) D:7            Lair (2/6) D:9
    Orc (0/2) D:9
  Swamp: Lair:2-4    Shoals: Lair:2-4     Snake: Lair:2-4    Spider: Lair:2-4

Altars:
Ashenzari
Cheibriados
Dithmenos
Elyvilon
Fedhas
Gozag
Hepliaklqana
Kikubaaqudgha
Makhleb
Nemelex Xobeh
Okawaru
Qazlal
Ru
Sif Muna
Trog
Uskayaw
Vehumet
Wu Jian
Xom
Yredelemnul
Zin
The Shining One
Beogh

Shops:
D:4 !   D:5 [   D:7 *   D:9 !

Annotations:
D:5 3 runed translucent doors, philipeq's ghost, novice DsFi
Lair:2 2 transporters, Glokmah's ghost, novice DsGl


Innate Abilities, Weirdness & Mutations

You are a three-headed hydra.
You swim very quickly.
You can devour living enemies to heal.
You are flying.
Your maximum health is greatly increased.
Your armour is entirely melded.
You are incapable of wielding weapons or throwing items.
You are immune to sickness and miasma.
You are immune to poison.
((Your flesh is very heat resistant. (rF++)))
((You are vulnerable to cold. (rC-)))
You cannot be stealthy.
You float through the air rather than walking.
You learn spells naturally, not from books.
Your magical power is your life essence.
You have superior vitality. (+4 HP)


Message History

The yak is engulfed in a cloud of scalding steam.
The yak closely misses you. The steam dragon misses you.
The steam dragon claws you but does no damage.
The yak gores you!
* * * LOW HITPOINT WARNING * * *
You gouge the steam dragon!!
You devour the steam dragon!
You feel better.
You kill the steam dragon!
You bite the yak! x2
You are engulfed in a cloud of scalding steam.
The ice encasing you melts away.
The yak is engulfed in a cloud of scalding steam.
The yak dies!
Your magical contamination has completely faded away.
You bite the yak!
The yak is severely wounded.
You nip at the yak.
You bite the yak!
You are engulfed in a cloud of scalding steam.
* * * LOW HITPOINT WARNING * * *
The yak gores you!
* * * LOW HITPOINT WARNING * * *
You feel better.
The yak is engulfed in a cloud of scalding steam.
The yak gores you.
* * * LOW HITPOINT WARNING * * *
The yak is engulfed in a cloud of scalding steam.
The yak gores you!
* * * LOW HITPOINT WARNING * * *
The yak barely misses you.
Aiming: Magic Dart (safe; 1% risk of failure)
Press: ? - help, Q - select action, (/) - cycle Shift-Dir - straight line, f - yak
Aim: a yak (heavily wounded, 100% to hit)
Okay, then.
Okay, then.
You feel better.
The yak is engulfed in a cloud of scalding steam.
The yak gores you but does no damage. The yak misses you. The yak gores you!
* * * LOW HITPOINT WARNING * * *
The yak gores you.
You die...

♣♣..........#####.....#
♣........###...###..#.
♣♣......##.....# ##..#
♣♣...).##.#...####..#
♣....##.###.#≈#.##.#
♣....#y.# .?$##..#D.
♣....#W.##._....i#.#
♣..Y.#ii.....##Wy#..
♣..DY##i...# #.##..
♣...Y.#....###..#.D.
♣.....##.....####DP.
♣......###.©.###D...
♣........#####....#.
♣..........©...#....
♣♣...................
♣♣....†.....<...#....#
♣.....................


You could see a spriggan rider, a moth of wrath, 3 yaks, a spriggan and
Glokmah's ghost.

Vanquished Creatures
  A two-headed ogre (D:8)
  Pikel (D:7)
  Joseph (D:7)
  4 elephants
  6 rime drakes
  4 cane toads
  Maggie (D:9)
  A komodo dragon (Lair:1)
  Prince Ribbit (D:5)
  3 hornets
  A blink frog (Lair:1)
  Grinder (D:4)
  Sigmund (D:6)
  A wyvern (D:9)
  6 yaks
  A vampire (D:9)
  2 basilisks (D:9)
  8 steam dragons
  Eustachio (D:6)
  Edmund (D:4)
  An acid dragon (D:9)
  4 water moccasins
  6 orc warriors
  2 sky beasts
  A black bear (D:6)
  A hornet zombie (D:8)
  An ice beast (D:6)
  10 wolves
  A centaur (D:9)
  2 lemures (D:7)
  A phantom (D:5)
  Blork the orc (D:5)
  A gnoll sergeant (D:9)
  9 bullfrogs
  3 scorpions
  A water moccasin zombie (D:9)
  2 wyvern skeletons
  6 killer bees (D:9)
  4 wights (D:9)
  A howler monkey (D:9)
  A jelly (D:5)
  3 centaur zombies
  A bullfrog zombie (D:5)
  A centaur skeleton (D:7)
  A hound (D:5)
  A bullfrog skeleton (D:5)
  A gnoll shaman (D:7)
  3 orc priests
  Crazy Yiuf (D:6)
  5 iguanas
  Ijyb (D:3)
  3 orc wizards
  Natasha (thrice) (D:3)
  2 killer bee zombies (D:7)
  A howler monkey zombie (D:5)
  Robin (D:2)
  13 gnolls
  6 adders
  A shadow imp (D:7)
  4 white imps
  A worm (D:2)
  4 dart slugs
  31 orcs
  10 bats
  3 endoplasms
  2 giant cockroaches
  12 goblins
  6 hobgoblins
  2 quokkas (D:1)
  5 ball pythons
  3 frilled lizards
  6 kobolds
  8 rats
250 creatures vanquished.

Vanquished Creatures (others)
  A yak (Lair:2)
  78 fungi
  63 plants
142 creatures vanquished.

Grand Total: 392 creatures vanquished

Notes
Turn   | Place    | Note
-------+----------+-------------------------------------------
     0 | D:1      | Glokmah the Djinni Transmuter began the quest for the Orb.
     0 | D:1      | Reached XP level 1. HP: 17/17 MP: 0/0
   206 | D:1      | Reached XP level 2. HP: 18/22 MP: 0/0
   650 | D:1      | Found a faded altar of an unknown god.
  1043 | D:1      | Reached XP level 3. HP: 16/27 MP: 0/0
  1043 | D:1      | Learned a level 1 spell: Magic Dart
  1870 | D:2      | Noticed Robin
  1885 | D:2      | Killed Robin
  1886 | D:2      | Reached XP level 4. HP: 6/33 MP: 0/0
  1886 | D:2      | HP: 1/33 [goblin/+0 club[Robin] (5)]
  2821 | D:3      | Noticed Ijyb
  3676 | D:3      | Killed Ijyb
  3677 | D:3      | Reached skill level 4 in Unarmed Combat
  3677 | D:3      | Reached XP level 5. HP: 37/38 MP: 0/0
  3677 | D:3      | Learned a level 2 spell: Slow
  4414 | D:3      | Noticed Natasha
  4421 | D:3      | Killed Natasha
  4926 | D:3      | Noticed Natasha
  4934 | D:3      | Killed Natasha
  4935 | D:3      | Reached XP level 6. HP: 37/45 MP: 0/0
  5230 | D:3      | Noticed Natasha
  5238 | D:3      | Killed Natasha
  5318 | D:4      | Found Bufiumm's Distillery.
  5384 | D:4      | Noticed Grinder
  5389 | D:4      | Paralysed by Grinder for 5 turns
  5411 | D:4      | Killed Grinder
  5412 | D:4      | Reached skill level 5 in Unarmed Combat
  5412 | D:4      | Reached XP level 7. HP: 27/50 MP: 0/0
  5412 | D:4      | Learned a level 3 spell: Frozen Ramparts
  5647 | D:4      | Noticed Edmund
  5665 | D:4      | Killed Edmund
  6286 | D:4      | Found a hazy altar of Hepliaklqana.
  6325 | D:5      | Entered Level 5 of the Dungeon
  6436 | D:5      | Noticed philipeq's ghost (novice DsFi)
  6444 | D:5      | Found a runed translucent gate.
  6444 | D:5      | Found a runed translucent gate.
  6446 | D:5      | Found a runed translucent gate.
  6512 | D:5      | HP: 2/50 [acid (6)]
  6967 | D:5      | Noticed Blork the orc
  6969 | D:5      | Reached skill level 6 in Unarmed Combat
  6969 | D:5      | Reached XP level 8. HP: 50/58 MP: 0/0
  6979 | D:5      | Killed Blork the orc
  7287 | D:5      | You are sucked into a shaft and drop 2 floors!
  7630 | D:6      | Reached skill level 7 in Unarmed Combat
  7630 | D:6      | Reached skill level 5 in Spellcasting
  7924 | D:6      | Reached XP level 9. HP: 53/63 MP: 0/0
  7924 | D:6      | Learned a level 3 spell: Ignite Poison
  8052 | D:6      | Noticed Sigmund
  8053 | D:6      | Noticed Eustachio
  8072 | D:6      | Killed Sigmund
  8077 | D:6      | Killed Eustachio
  8078 | D:6      | Reached skill level 5 in Fighting
  8552 | D:5      | Found Mutoosae's Armour Boutique.
  8786 | D:5      | Reached skill level 8 in Unarmed Combat
  8900 | D:5      | Noticed Prince Ribbit
  8907 | D:5      | Killed Prince Ribbit
  9516 | D:6      | Found a runed translucent door.
  9517 | D:6      | Noticed Crazy Yiuf
  9526 | D:6      | Killed Crazy Yiuf
  9837 | D:7      | Noticed Joseph
  9850 | D:7      | Killed Joseph
 10099 | D:7      | Noticed Pikel
 10114 | D:7      | Killed Pikel
 10115 | D:7      | Reached skill level 9 in Unarmed Combat
 10115 | D:7      | Reached XP level 10. HP: 23/72 MP: 0/0
 11144 | D:7      | Found a staircase to the Ecumenical Temple.
 11153 | Temple   | Entered the Ecumenical Temple
 11356 | Temple   | Became a worshipper of Ru the Awakened
 11807 | D:7      | Found Tomomily's Mass Market.
 12958 | D:8      | Noticed a two-headed ogre
 12981 | D:8      | Killed a two-headed ogre
 12982 | D:8      | Reached skill level 10 in Unarmed Combat
 13556 | D:9      | Reached XP level 11. HP: 12/79 MP: 0/0
 13556 | D:9      | Learned a level 4 spell: Hailstorm
 14058 | D:9      | Found a staircase to the Lair.
 14312 | D:9      | Gained mutation: You cannot be stealthy. [Ru sacrifice]
 14338 | D:9      | Found a staircase to the Orcish Mines.
 14342 | D:9      | Identified the +4 war axe "Zuikeob" {elec, rF+ rN+ Str+3}
 15086 | D:9      | Found Aguadiet's Distillery.
 15211 | D:9      | Reached skill level 11 in Unarmed Combat
 15251 | D:9      | Noticed Maggie
 15264 | D:9      | Killed Maggie
 15835 | Lair:1   | Entered Level 1 of the Lair of Beasts
 16900 | Lair:2   | Noticed an elephant
 16901 | Lair:2   | Noticed an elephant
 17224 | Lair:2   | Noticed a moth of wrath
 17226 | Lair:2   | Noticed an elephant
 17226 | Lair:2   | Noticed an elephant
 17508 | Lair:1   | Killed an elephant
 17509 | Lair:1   | Reached XP level 12. HP: 42/87 MP: 0/0
 17587 | Lair:2   | Found a transporter.
 17588 | Lair:2   | Noticed Glokmah's ghost (novice DsGl)
 17589 | Lair:2   | Found a bloodstained altar of Trog.
 17595 | Lair:2   | Found a transporter.
 17614 | Lair:2   | Noticed a spriggan rider
 17959 | Lair:1   | Reached skill level 12 in Unarmed Combat
 17977 | Lair:1   | HP: 3/105 [rime drake/flash freeze (9)]
 19281 | Lair:2   | HP: 1/105 [rime drake/flash freeze (12)]
 19806 | Lair:2   | HP: 4/114 [yak (15)]
 19810 | Lair:2   | Slain by a yak

Illustrated notes

Levels and vault maps discovered:
D:1:      matt_arrival_los_fun, layout_loops_ring,
          hellmonk_ecumenical_altar_crossroads, minmay_pentomino_x2
D:2:      layout_basic, uniq_robin
D:3:      layout_loops_ring, uniq_natasha, uniq_ijyb
D:4:      layout_loops_ring, worldfamousw_hep_ancestral_shrine, serial_shops,
          kennysheep_little_box, st_stairs_4, uniq_edmund, uniq_grinder
D:5:      layout_rooms, gammafunk_ghost_split, serial_shops, shop,
          uniq_prince_ribbit1, uniq_blork_the_orc
D:6:      minmay_inner_zag, layout_loops_ring, uniq_eustachio, uniq_sigmund,
          uniq_crazy_yiuf_cottage
D:7:      layout_loops_cross, lemuel_temple_firewalk_b, minmay_shop_mass,
          kennysheep_generic_room_10, uniq_joseph, uniq_pikel
D:8:      layout_basic
D:9:      layout_basic, david_lair_generic, david_orc_5, serial_shops,
          nicolae_shop_waterfront, kennysheep_generic_room_5, uniq_maggie
Temple:   kilobyte_greek_temple
Lair:1:   layout_gridlike
Lair:2:   mu_elephants_graveyard, layout_cave_shapes,
          gammafunk_ghost_wrathful_warriors, enter_volcano_4,
          bobbens_dragon_lair_wall

Skill      XL: |  1  2  3  4  5  6  7  8  9 10 11 12 |
---------------+-------------------------------------+-----
Spellcasting   | 2 3 4 5 6 7 9 |  9.8
Fighting       | 2 3 4 5 7 8 |  8.9
Unarmed Combat | 4 5 6 7 9 10 11 12 | 12.5
Dodging        | |  2.1

Action                   |  1- 3 |  4- 6 |  7- 9 | 10-12 || total
-------------------------+-------+-------+-------+-------++-------
Melee: Unarmed           |    67 |    76 |   188 |   354 ||   685
       Headbutt          |     8 |     2 |     9 |    12 ||    31
       Punch             |       |     2 |     1 |     2 ||     5
 Cast: Beastly Appendage |    12 |     6 |     8 |     7 ||    33
       Magic Dart        |    28 |    53 |     1 |     8 ||    90
       Wereblood         |     1 |     3 |     6 |    16 ||    26
       Spider Form       |       |     8 |    25 |    23 ||    56
       Ice Form          |       |     1 |       |    10 ||    11
       Slow              |       |       |     3 |     4 ||     7
       Frozen Ramparts   |       |       |     8 |     8 ||    16
       Ignite Poison     |       |       |     5 |     6 ||    11
       Hydra Form        |       |       |       |     9 ||     9
       Hailstorm         |       |       |       |     5 ||     5
Invok: Sacrifice Stealth |       |       |       |     1 ||     1
       Reject Sacrifices |       |       |       |     1 ||     1
  Use: Potion            |       |     2 |     1 |     6 ||     9
       Scroll            |       |     5 |     7 |     4 ||    16
 Stab: Sleeping          |       |     1 |     2 |       ||     3
Armor: Leather armour    |    27 |     1 |       |     7 ||    35
       Animal skin       |       |    12 |     8 |       ||    20
       Skin              |       |     3 |     6 |    76 ||    85
       Robe              |       |       |     1 |       ||     1
Dodge: Dodged            |    50 |    43 |   127 |   343 ||   563

Table legend: (Time is in decaauts)
 A = Elapsed time spent in this place.
 B = Non-inter-level travel time spent in this place.
 C = Inter-level travel time spent in this place.
 D = Time resting spent in this place.
 E = Time spent auto-exploring this place.
 F = Levels seen in this place.
 G = Mean time per level.
                   A        B        C        D        E       F      G
               +--------+--------+--------+--------+--------+-----+--------+
         Total |  19724 |  18456 |   1268 |   5539 |  10314 |  12 | 1643.7 |
       Dungeon |  15536 |  14569 |    967 |   3395 |   9089 |   9 | 1726.2 |
        Temple |    243 |    200 |     43 |      0 |    155 |   1 |  243.0 |
          Lair |   3944 |   3686 |    258 |   2144 |   1070 |   2 | 1972.0 |
               +--------+--------+--------+--------+--------+-----+--------+

Top non-repeatable levels by time:
  Lair:1: 3640 daAuts
     D:2: 2109 daAuts
     D:9: 2046 daAuts
     D:7: 2018 daAuts
     D:6: 1803 daAuts
     D:3: 1747 daAuts
     D:8: 1740 daAuts
     D:1: 1483 daAuts
     D:4: 1396 daAuts
     D:5: 1190 daAuts
  Lair:2: 303 daAuts
  Temple: 243 daAuts
